TOP OF THE 1ST |
Greensboro Grasshoppers batting - Pitching for Wisconsin Timber Rattlers : RHP Zack Sharp
|
Pitching: RHP Zack Sharp
|
|
Batting: LHB David Doge
|
0-0: Ball 1-0: Foul Ball, location: 2F 1-1: Swinging Strike 1-2: Ball 2-2: Ball 3-2: Foul Ball, location: 2F 3-2: Ground out 6-3 (Groundball, 4M, EV 101.9 MPH)
|
Batting: RHB Akira Suzuki
|
0-0: Ball 1-0: Foul Ball, location: 2F 1-1: Ball 2-1: Ball 3-1: Ground out 4-3 (Groundball, 4MD, EV 90.0 MPH)
|
Batting: RHB Manuel Taveras
|
0-0: Ball 1-0: Called Strike 1-1: Swinging Strike 1-2: Ball 2-2: Strikes out swinging
|
Top of the 1st over - 0 runs, 0 hits, 0 errors, 0 left on base; Greensboro 0 - Wisconsin 0 |
BOTTOM OF THE 1ST |
Wisconsin Timber Rattlers batting - Pitching for Greensboro Grasshoppers : RHP Cory Levine
|
Pitching: RHP Cory Levine
|
|
Batting: LHB Rick Campbell
|
0-0: Ball 1-0: Ball 2-0: Foul Ball, location: 2F 2-1: Swinging Strike 2-2: Strikes out swinging
|
Batting: LHB Karel Hort
|
0-0: Ball 1-0: Foul Ball, location: 2F 1-1: Ground out 6-3 (Groundball, 6, EV 76.2 MPH)
|
Batting: SHB Justin Hensley
|
0-0: Called Strike 0-1: Ball 1-1: Foul Ball, location: 2F 1-2: Fly out, F2 (Popup, 3SF, EV 90.6 MPH)
|
Bottom of the 1st over - 0 runs, 0 hits, 0 errors, 0 left on base; Greensboro 0 - Wisconsin 0 |
TOP OF THE 2ND |
Greensboro Grasshoppers batting - Pitching for Wisconsin Timber Rattlers : RHP Zack Sharp
|
Batting: SHB Matt Moore
|
0-0: Ground out 4-3 (Groundball, 34D, EV 106.2 MPH)
|
Batting: RHB Nate Crofts
|
0-0: Ground out 6-3 (Groundball, 6, EV 83.8 MPH)
|
Pitching: RHP Jose Montoya
|
|
Batting: RHB Jim Fisher
|
0-0: Called Strike 0-1: SINGLE (Line Drive, 89S, EV 110.6 MPH)
|
Batting: RHB Dennis Coppolino
|
0-0: Swinging Strike 0-1: Ball 1-1: Foul Ball, location: 2F 1-2: Ball 2-2: Strikes out swinging
|
Top of the 2nd over - 0 runs, 1 hit, 0 errors, 1 left on base; Greensboro 0 - Wisconsin 0 |
BOTTOM OF THE 2ND |
Wisconsin Timber Rattlers batting - Pitching for Greensboro Grasshoppers : RHP Cory Levine
|
Batting: LHB Jason Raker
|
0-0: Ball 1-0: Called Strike 1-1: SINGLE (Groundball, 4MD, EV 110.0 MPH)
|
Batting: SHB Jerry Duffy
|
0-0: Ball 1-0: Ball 2-0: Called Strike 2-1: Ball 3-1: Base on Balls Jason Raker to second
|
Batting: SHB Craig Wright
|
0-0: Fielders Choice at 2nd, 3-6 (Groundball, 34, EV 80.0 MPH) Jason Raker to third
|
Batting: RHB Dusty Bates
|
0-0: Ball 1-0: Fly out, F9 (Flyball, 89S, EV 90.6 MPH)
|
Batting: RHB Alfredo Sena
|
0-0: SINGLE (Groundball, P, EV 86.2 MPH) (infield hit) Jason Raker scores Craig Wright to second
|
Batting: RHB Dan Allred
|
0-0: Foul Ball, location: 2F 0-1: Ball 1-1: Foul Ball, location: 2F 1-2: Fly out, F9 (Flyball, 9D, EV 93.1 MPH)
|
Bottom of the 2nd over - 1 run, 2 hits, 0 errors, 2 left on base; Greensboro 0 - Wisconsin 1 |
TOP OF THE 3RD |
Greensboro Grasshoppers batting - Pitching for Wisconsin Timber Rattlers : RHP Jose Montoya
|
Batting: RHB Chris Alft
|
0-0: Called Strike 0-1: Called Strike 0-2: Strikes out swinging
|
Batting: RHB J.D. Vander Klok
|
0-0: Foul Ball, location: 2F 0-1: Swinging Strike 0-2: Foul Ball, location: 2F 0-2: Foul Ball, location: 2F 0-2: Ball 1-2: Ground out 6-3 (Groundball, 6, EV 100.6 MPH)
|
Batting: LHB David Doge
|
0-0: Called Strike 0-1: Ball 1-1: Fly out, F9 (Flyball, 9D, EV 96.9 MPH)
|
Top of the 3rd over - 0 runs, 0 hits, 0 errors, 0 left on base; Greensboro 0 - Wisconsin 1 |
BOTTOM OF THE 3RD |
Wisconsin Timber Rattlers batting - Pitching for Greensboro Grasshoppers : RHP Cory Levine
|
Batting: LHB Rick Campbell
|
0-0: Ball 1-0: Called Strike 1-1: Ball 2-1: Ball 3-1: Base on Balls
|
Batting: LHB Karel Hort
|
0-0: Ball 1-0: Ball 2-0: Foul Ball, location: 2F 2-1: Ball 3-1: Foul Ball, location: 2F 3-2: Ground out 4-3 (Groundball, 34, EV 91.9 MPH) Rick Campbell to second
|
Batting: SHB Justin Hensley
|
0-0: Ball 1-0: Ground out U3 (Groundball, 34S, EV 81.2 MPH) Rick Campbell to third
|
Batting: LHB Jason Raker
|
0-0: Called Strike 0-1: Called Strike 0-2: Ball 1-2: Strikes out swinging
|
Bottom of the 3rd over - 0 runs, 0 hits, 0 errors, 1 left on base; Greensboro 0 - Wisconsin 1 |
TOP OF THE 4TH |
Greensboro Grasshoppers batting - Pitching for Wisconsin Timber Rattlers : RHP Jose Montoya
|
Batting: RHB Akira Suzuki
|
0-0: Ball 1-0: Called Strike 1-1: Foul Ball, location: 2F 1-2: Ball 2-2: SINGLE (Line Drive, 89S, EV 92.5 MPH)
|
Batting: RHB Manuel Taveras
|
0-0: Foul Ball, location: 2F 0-1: Ball 1-1: Ball 2-1: Fielders Choice at 2nd, 6-4 (Groundball, 6D, EV 87.5 MPH)
|
Batting: SHB Matt Moore
|
0-0: Ball 1-0: Ball 2-0: Ball 3-0: Called Strike 3-1: Foul Ball, location: 2F 3-2: Base on Balls Manuel Taveras to second
|
Batting: RHB Nate Crofts
|
0-0: Ball 1-0: Fly out, F8 (Line Drive, 8LM, EV 94.4 MPH)
|
Batting: RHB Jim Fisher
|
0-0: Ball 1-0: Ball 2-0: Foul Ball, location: 2F 2-1: Ball 3-1: Base on Balls Manuel Taveras to third Matt Moore to second
|
Batting: RHB Dennis Coppolino
|
0-0: Ball 1-0: Ball 2-0: GRAND SLAM HOME RUN (Line Drive, 78XD, EV 106.2 MPH), Distance : 437 ft
|
Pitching: RHP Warren Swan
|
|
Batting: RHB Chris Alft
|
0-0: Called Strike 0-1: Foul Ball, location: 2F 0-2: Ball 1-2: Strikes out swinging
|
Top of the 4th over - 4 runs, 2 hits, 0 errors, 0 left on base; Greensboro 4 - Wisconsin 1 |
BOTTOM OF THE 4TH |
Wisconsin Timber Rattlers batting - Pitching for Greensboro Grasshoppers : RHP Cory Levine
|
Batting: SHB Jerry Duffy
|
0-0: Ball 1-0: Ball 2-0: Foul Ball, location: 2F 2-1: SINGLE (Groundball, 4D, EV 95.6 MPH)
|
Batting: SHB Craig Wright
|
0-0: Ball 1-0: Fielders Choice at 2nd, 1-6 (Groundball, P, EV 65.6 MPH)
|
Batting: RHB Dusty Bates
|
0-0: Grounds into double play, 4-6-3 (Groundball, 4, EV 90.0 MPH)
|
Bottom of the 4th over - 0 runs, 1 hit, 0 errors, 0 left on base; Greensboro 4 - Wisconsin 1 |
TOP OF THE 5TH |
Greensboro Grasshoppers batting - Pitching for Wisconsin Timber Rattlers : RHP Warren Swan
|
Batting: RHB J.D. Vander Klok
|
0-0: Ball 1-0: Ball 2-0: SINGLE (Groundball, 4M, EV 80.0 MPH) (infield hit)
|
Batting: LHB David Doge
|
0-0: Called Strike 0-1: Called Strike 0-2: Foul Ball, location: 2F 0-2: Strikes out swinging
|
Batting: RHB Akira Suzuki
|
0-0: Ball 1-0: Fly out, F8 (Line Drive, 8RM, EV 90.6 MPH)
|
Batting: RHB Manuel Taveras
|
0-0: Swinging Strike 0-1: Ball 1-1: Swinging Strike 1-2: Ball 2-2: Strikes out swinging
|
Top of the 5th over - 0 runs, 1 hit, 0 errors, 1 left on base; Greensboro 4 - Wisconsin 1 |
BOTTOM OF THE 5TH |
Wisconsin Timber Rattlers batting - Pitching for Greensboro Grasshoppers : RHP Cory Levine
|
Batting: RHB Alfredo Sena
|
0-0: Called Strike 0-1: Ground out 6-3 (Groundball, 6, EV 84.4 MPH)
|
Batting: RHB Dan Allred
|
0-0: Swinging Strike 0-1: Ball 1-1: Foul Ball, location: 2F 1-2: Ground out 5-3 (Groundball, 56, EV 83.8 MPH)
|
Batting: LHB Rick Campbell
|
0-0: Ball 1-0: Fly out, F7 (Flyball, 7LM, EV 101.2 MPH)
|
Bottom of the 5th over - 0 runs, 0 hits, 0 errors, 0 left on base; Greensboro 4 - Wisconsin 1 |
TOP OF THE 6TH |
Greensboro Grasshoppers batting - Pitching for Wisconsin Timber Rattlers : RHP Warren Swan
|
Batting: SHB Matt Moore
|
0-0: Fly out, F9 (Flyball, 9S, EV 96.9 MPH)
|
Batting: RHB Nate Crofts
|
0-0: Swinging Strike 0-1: Ball 1-1: Swinging Strike 1-2: Foul Ball, location: 2F 1-2: Foul Ball, location: 2F 1-2: Foul Ball, location: 2F 1-2: Ball 2-2: Foul Ball, location: 2F 2-2: Foul Ball, location: 2F 2-2: Foul Ball, location: 2F 2-2: Foul Ball, location: 2F 2-2: Ball 3-2: Base on Balls
|
Batting: RHB Jim Fisher
|
0-0: Swinging Strike 0-1: SINGLE (Groundball, 34D, EV 98.1 MPH) Nate Crofts to second Runner from 2nd tries for 3rd, SAFE, throw by RF made to third
|
Batting: RHB Dennis Coppolino
|
0-0: Ball 1-0: Called Strike 1-1: Ball 2-1: Foul Ball, location: 2F 2-2: Ball 3-2: DOUBLE (Flyball, 8RXD, EV 93.1 MPH) Nate Crofts scores Jim Fisher to third
|
Pitching: LHP Randy Yarrigle
|
|
Batting: RHB Chris Alft
|
0-0: 3-RUN HOME RUN (Flyball, 7D, EV 96.2 MPH), Distance : 369 ft
|
Batting: RHB J.D. Vander Klok
|
0-0: Ball 1-0: Ground out 5-3 (Groundball, 56, EV 75.6 MPH)
|
Batting: LHB David Doge
|
0-0: Foul Ball, location: 2F 0-1: Ball 1-1: Called Strike 1-2: Strikes out swinging
|
Top of the 6th over - 4 runs, 3 hits, 0 errors, 0 left on base; Greensboro 8 - Wisconsin 1 |
BOTTOM OF THE 6TH |
Wisconsin Timber Rattlers batting - Pitching for Greensboro Grasshoppers : RHP Cory Levine
|
Batting: LHB Karel Hort
|
0-0: Ball 1-0: Called Strike 1-1: Foul Ball, location: 2F 1-2: SINGLE (Groundball, 25, EV 64.4 MPH) (infield hit)
|
Batting: SHB Justin Hensley
|
0-0: Swinging Strike 0-1: Called Strike 0-2: Strikes out swinging
|
Batting: LHB Jason Raker
|
0-0: Ball Karel Hort steals 2nd base 1-0: Ball 2-0: Ball 3-0: Base on Balls
|
Batting: SHB Jerry Duffy
|
0-0: Ball 1-0: Ball 2-0: Ball 3-0: Base on Balls Karel Hort to third Jason Raker to second
|
Batting: SHB Craig Wright
|
0-0: SINGLE (Groundball, 3D, EV 103.8 MPH) Karel Hort scores Jason Raker to third Jerry Duffy to second
|
Batting: RHB Dusty Bates
|
0-0: Ball 1-0: Ball 2-0: Fly out, F9 (Flyball, 9S, EV 88.8 MPH)
|
Batting: RHB Alfredo Sena
|
0-0: Ball 1-0: Swinging Strike 1-1: Ball 2-1: Foul Ball, location: 2F 2-2: Ball 3-2: Foul Ball, location: 2F 3-2: SINGLE (Groundball, 6MD, EV 105.0 MPH) Jason Raker scores Jerry Duffy to third Craig Wright to second Jerry Duffy scores Craig Wright to third
|
Pitching: LHP Jerry Woods
|
|
Batting: RHB Dan Allred
|
0-0: Ball 1-0: Called Strike 1-1: Swinging Strike 1-2: Strikes out looking
|
Bottom of the 6th over - 3 runs, 3 hits, 0 errors, 2 left on base; Greensboro 8 - Wisconsin 4 |
TOP OF THE 7TH |
Greensboro Grasshoppers batting - Pitching for Wisconsin Timber Rattlers : LHP Randy Yarrigle
|
Batting: RHB Akira Suzuki
|
0-0: DOUBLE (Groundball, 5L, EV 102.5 MPH)
|
Batting: RHB Manuel Taveras
|
0-0: Ball 1-0: Foul Ball, location: 2F 1-1: Ball 2-1: Foul Ball, location: 2F 2-2: SINGLE (Groundball, 6M, EV 103.1 MPH) (infield hit) Akira Suzuki to third
|
Batting: SHB Matt Moore
|
0-0: Called Strike 0-1: Foul Ball, location: 2F 0-2: Strikes out swinging
|
Batting: RHB Nate Crofts
|
0-0: Called Strike 0-1: Ball 1-1: Ball 2-1: Swinging Strike 2-2: Foul Ball, location: 2F 2-2: Strikes out swinging
|
Batting: RHB Jim Fisher
|
0-0: Called Strike 0-1: Ground out 4-3 (Groundball, 34, EV 104.4 MPH)
|
Top of the 7th over - 0 runs, 2 hits, 0 errors, 2 left on base; Greensboro 8 - Wisconsin 4 |
BOTTOM OF THE 7TH |
Wisconsin Timber Rattlers batting - Pitching for Greensboro Grasshoppers : LHP Jerry Woods
|
Batting: LHB Rick Campbell
|
0-0: Ball 1-0: Ball 2-0: SINGLE (Line Drive, 78S, EV 103.8 MPH)
|
Batting: LHB Karel Hort
|
0-0: Ball Rick Campbell steals 2nd base (no throw) 1-0: SINGLE (Groundball, 5S, EV 70.6 MPH) (infield hit) Rick Campbell to third
|
Batting: SHB Justin Hensley
|
0-0: Foul Ball, location: 2F 0-1: Ball 1-1: Ball 2-1: Foul Ball, location: 2F 2-2: Hit by Pitch Karel Hort to second
|
Batting: LHB Jason Raker
|
0-0: Foul Ball, location: 2F 0-1: Foul Ball, location: 2F 0-2: Ball 1-2: DOUBLE (Line Drive, 9LM, EV 103.1 MPH) Rick Campbell scores Karel Hort scores Justin Hensley to third Runner from 3rd tries for Home, SAFE, throw by RF to trailing runner, SAFE at third!
|
Batting: SHB Jerry Duffy
|
0-0: Ball 1-0: Foul Ball, location: 2F 1-1: SINGLE (Line Drive, 6M, EV 103.1 MPH) Jason Raker scores
|
Pitching: RHP Joe Lynn
|
|
Batting: SHB Craig Wright
|
0-0: Bunted foul 0-1: Ball 1-1: Bunted foul 1-2: Foul Ball, location: 2F 1-2: Ball 2-2: Foul Ball, location: 2F 2-2: Foul Ball, location: 2F 2-2: Fly out, F9 (Flyball, 89M, EV 95.0 MPH)
|
Batting: RHB Dusty Bates
|
0-0: SINGLE (Groundball, 4D, EV 104.4 MPH) Jerry Duffy to second Runner from 2nd tries for 3rd, SAFE, throw by CF made to third
|
Batting: RHB Alfredo Sena
|
0-0: Called Strike 0-1: Foul Ball, location: 2F 0-2: Strikes out looking
|
Batting: RHB Dan Allred
|
0-0: Called Strike 0-1: Ground out 1-3 (Groundball, 34S, EV 71.2 MPH)
|
Bottom of the 7th over - 4 runs, 5 hits, 0 errors, 2 left on base; Greensboro 8 - Wisconsin 8 |
TOP OF THE 8TH |
Greensboro Grasshoppers batting - Pitching for Wisconsin Timber Rattlers : LHP Randy Yarrigle
|
Pitching: RHP Jon Warren
|
|
Pinch Hitting: LHB Ryan Karg
|
0-0: Ball 1-0: Ball 2-0: Called Strike 2-1: Foul Ball, location: 2F 2-2: Ball 3-2: Base on Balls
|
Batting: RHB Chris Alft
|
0-0: Called Strike 0-1: Ball 1-1: Ball 2-1: Ball 3-1: Foul Ball, location: 2F 3-2: Strikes out looking Ryan Karg steals 2nd base Batter strikes out.
|
Batting: RHB J.D. Vander Klok
|
0-0: Called Strike 0-1: Ball 1-1: Swinging Strike 1-2: Strikes out swinging
|
Batting: LHB David Doge
|
0-0: Ground out 4-3 (Groundball, 4M, EV 84.4 MPH)
|
Top of the 8th over - 0 runs, 0 hits, 0 errors, 1 left on base; Greensboro 8 - Wisconsin 8 |
BOTTOM OF THE 8TH |
Wisconsin Timber Rattlers batting - Pitching for Greensboro Grasshoppers : RHP Joe Lynn
|
Now at 3B: Larry LeFever
|
|
Batting: LHB Rick Campbell
|
0-0: Called Strike 0-1: Ball 1-1: Ball 2-1: Swinging Strike 2-2: Strikes out swinging
|
Batting: LHB Karel Hort
|
0-0: Called Strike 0-1: Foul Ball, location: 2F 0-2: Strikes out swinging
|
Batting: SHB Justin Hensley
|
0-0: Ball 1-0: Ball 2-0: Called Strike 2-1: SINGLE (Groundball, 34D, EV 97.5 MPH)
|
Pitching: LHP Geoff Goss
|
|
Batting: LHB Jason Raker
|
0-0: Ball 1-0: Ground out U3 (Groundball, 3L, EV 86.9 MPH)
|
Bottom of the 8th over - 0 runs, 1 hit, 0 errors, 1 left on base; Greensboro 8 - Wisconsin 8 |
TOP OF THE 9TH |
Greensboro Grasshoppers batting - Pitching for Wisconsin Timber Rattlers : RHP Jon Warren
|
Batting: RHB Akira Suzuki
|
0-0: Ball 1-0: Ball 2-0: SINGLE (Line Drive, 7LS, EV 91.2 MPH)
|
Batting: RHB Manuel Taveras
|
0-0: Swinging Strike 0-1: Called Strike 0-2: Strikes out looking
|
Batting: SHB Matt Moore
|
0-0: Called Strike Akira Suzuki is caught stealing 2nd base 2-6 0-1: Ball 1-1: Ball 2-1: Fly out, F7 (Flyball, 7D, EV 91.2 MPH)
|
Top of the 9th over - 0 runs, 1 hit, 0 errors, 0 left on base; Greensboro 8 - Wisconsin 8 |
BOTTOM OF THE 9TH |
Wisconsin Timber Rattlers batting - Pitching for Greensboro Grasshoppers : LHP Geoff Goss
|
Batting: SHB Jerry Duffy
|
0-0: Ball 1-0: Ball 2-0: Ball 3-0: Base on Balls
|
Batting: SHB Craig Wright
|
0-0: Bunted foul 0-1: Sac Bunt to 13 - play at second, runner safe!
|
Batting: RHB Dusty Bates
|
0-0: Foul Ball, location: 2F 0-1: Foul Ball, location: 2F 0-2: Grounds into double play, 6-4-3 (Groundball, 6, EV 90.0 MPH) Jerry Duffy to third
|
Batting: RHB Alfredo Sena
|
0-0: Ball 1-0: Ball 2-0: Swinging Strike 2-1: Ball 3-1: Foul Ball, location: 2F 3-2: Ground out 5-3 (Groundball, 5, EV 90.6 MPH)
|
Bottom of the 9th over - 0 runs, 0 hits, 0 errors, 1 left on base; Greensboro 8 - Wisconsin 8 |
TOP OF THE 10TH |
Greensboro Grasshoppers batting - Pitching for Wisconsin Timber Rattlers : RHP Jon Warren
|
Pitching: RHP Drew Tollefsen
|
|
Batting: RHB Nate Crofts
|
0-0: Called Strike 0-1: Ball 1-1: Foul Ball, location: 2F 1-2: Ball 2-2: Ball 3-2: Base on Balls
|
Batting: RHB Jim Fisher
|
0-0: Bunt missed! 0-1: Bunted foul 0-2: Foul Ball, location: 2F 0-2: Foul Ball, location: 2F 0-2: Foul Ball, location: 2F 0-2: Ground out U3 (Groundball, 13, EV 80.0 MPH) Nate Crofts to second
|
Batting: RHB Larry LeFever
|
0-0: Called Strike 0-1: Swinging Strike 0-2: Ball 1-2: Ball 2-2: Strikes out looking
|
Batting: RHB Chris Alft
|
0-0: Ball 1-0: Ball 2-0: Foul Ball, location: 2F 2-1: Swinging Strike 2-2: Foul Ball, location: 2F 2-2: Ball 3-2: SINGLE (Line Drive, 78S, EV 96.2 MPH) Nate Crofts to third
|
Batting: RHB J.D. Vander Klok
|
0-0: Called Strike 0-1: DOUBLE (Line Drive, 9LD, EV 98.8 MPH) Nate Crofts scores Chris Alft to third
|
Batting: LHB David Doge
|
0-0: Called Strike 0-1: Called Strike 0-2: Foul Ball, location: 2F 0-2: Strikes out looking
|
Top of the 10th over - 1 run, 2 hits, 0 errors, 2 left on base; Greensboro 9 - Wisconsin 8 |
BOTTOM OF THE 10TH |
Wisconsin Timber Rattlers batting - Pitching for Greensboro Grasshoppers : LHP Geoff Goss
|
Pitching: LHP Tyler Murders
|
|
Batting: RHB Dan Allred
|
0-0: Swinging Strike 0-1: Fly out, F9 (Flyball, 9S, EV 93.1 MPH)
|
Pinch Hitting: RHB Dustin Hartman
|
0-0: Foul Ball, location: 2F 0-1: Reached on error, E5 (Groundball, 5, EV 91.2 MPH)
|
Batting: LHB Karel Hort
|
0-0: Ball 1-0: Foul Ball, location: 2F 1-1: Ball 2-1: SINGLE (Groundball, 3D, EV 108.1 MPH) Dustin Hartman to second
|
Batting: SHB Justin Hensley
|
0-0: Called Strike 0-1: Ball 1-1: Called Strike 1-2: Strikes out swinging
|
Batting: LHB Jason Raker
|
0-0: Ball 1-0: Fly out, F6 (Popup, P, EV 86.9 MPH)
|
Bottom of the 10th over - 0 runs, 1 hit, 1 error, 2 left on base; Greensboro 9 - Wisconsin 8 |
|